[Event "ICC tourney 2523 (60 10)"]
[Site "Internet Chess Club"]
[Date "2021.04.18"]
[Round "6"]
[White "JONES, TAYLOR:WDSTJ1"]
[Black "DESHPANDE, KESHAV:keshavdesh"]
[Result "1-0"]
[ICCResult "Black checkmated"]
[WhiteElo "872"]
[BlackElo "259"]
[Opening "QGD: Marshall defense"]
[ECO "D06"]
[NIC "QP.08"]
[Time "16:36:40"]
[PlyCount "73"]
[TimeControl "3600+10"]

1. d4 d5 2. c4 Nf6 3. e3 dxc4 4. Qa4+ Bd7 5. Qxc4 Nc6 6. Nf3 Bf5 7. Nc3 e6
8. Bd3 Bb4 9. O-O O-O 10. Bxf5 exf5 11. Ne2 Ne4 12. d5 Ne7 13. Qxb4 Nxd5
14. Qxb7 Ndf6 15. Ne5 Qe8 16. Qxc7 Ng5 17. Rd1 Ne6 18. Qb7 Nc5 19. Qc7 Rc8
20. Qxa7 Qxe5 21. f4 Qe4 22. Rd4 Qc2 23. Rd2 Qe4 24. Ng3 Qc6 25. Nxf5 Ng4
26. Ne7+ Kh8 27. Nxc6 Rxc6 28. Rd5 Ne4 29. Rd7 Rfc8 30. g3 g6 31. Rxf7 Nef6
32. Bd2 Nh6 33. Rb7 Kg8 34. Bc3 Ne8 35. Rg7+ Kh8 36. Rxh7+ Kg8 37. Rh8# {
Black checkmated } 1-0

[Event "ICC tourney 2523 (60 10)"]
[Site "Internet Chess Club"]
[Date "2021.04.18"]
[Round "6"]
[White "VADHER, DEVAJ MAYANK:DevajVadher"]
[Black "ESTRADA, ELIJAH:aw3some-elijah2"]
[Result "0-1"]
[ICCResult "White checkmated"]
[WhiteElo "992"]
[BlackElo "395"]
[Opening "Petrov: French attack"]
[ECO "C42"]
[NIC "RG.03"]
[Time "16:34:31"]
[PlyCount "118"]
[TimeControl "3600+10"]

1. e4 e5 2. Nf3 Nf6 3. Nxe5 d6 4. Nf3 Nxe4 5. d3 Nf6 6. Bf4 Bg4 7. Be2 Bxf3
8. Bxf3 d5 9. O-O Bc5 10. Re1+ Be7 11. Qe2 Nc6 12. c3 O-O 13. Nd2 Re8 14.
Qd1 d4 15. Qc2 dxc3 16. bxc3 Qd7 17. Rad1 Rad8 18. Ne4 Nd5 19. Bg3 b5 20.
h3 b4 21. c4 Nb6 22. Bf4 Nd4 23. Qd2 Nxf3+ 24. gxf3 Qxh3 25. Bxc7 Nxc4 26.
Qf4 Rd7 27. dxc4 Rxd1 28. Rxd1 Rc8 29. Qe5 Qxf3 30. Re1 Qg4+ 31. Ng3 Qe6
32. Qxe6 fxe6 33. Ba5 Rxc4 34. Rxe6 Bf8 35. Re8 Kf7 36. Rb8 Rc2 37. Rb7+
Kg6 38. Rxa7 Rxa2 39. Ra6+ Kf7 40. Ra7+ Kg8 41. Ra8 b3 42. Ne4 b2 43. Nc3
Ra1+ 44. Kg2 g6 45. f3 h5 46. Kh3 Kf7 47. Kh4 Bb4 48. Ra7+ Ke6 49. Ra6+ Kf5
50. Bxb4 Rxa6 51. Kg3 Ra1 52. Kh4 Ra4 53. Kg3 Rxb4 54. Kf2 b1=Q 55. Nxb1
Rxb1 56. Kg3 Rb2 57. Kh4 Kf4 58. Kh3 h4 59. Kxh4 Rh2# { White checkmated }
0-1

[Event "ICC tourney 2523 (60 10)"]
[Site "Internet Chess Club"]
[Date "2021.04.18"]
[Round "6"]
[White "Lee, Shan:Shanlee"]
[Black "Owusu-Boakye, Kwame:KwamzChess"]
[Result "1-0"]
[ICCResult "Black checkmated"]
[WhiteElo "815"]
[BlackElo "713"]
[Opening "Sicilian: Taimanov variation"]
[ECO "B45"]
[NIC "SI.44"]
[Time "16:33:46"]
[PlyCount "119"]
[TimeControl "3600+10"]

1. e4 c5 2. Nc3 Nc6 3. Nf3 e6 4. d4 cxd4 5. Nxd4 Nf6 6. a3 Bc5 7. Nxc6 bxc6
8. e5 Nd5 9. Ne4 d6 10. c4 Nc7 11. exd6 Na6 12. b4 f5 13. Bg5 Qd7 14. Nxc5
Nxc5 15. bxc5 O-O 16. Be2 e5 17. O-O f4 18. Bf3 Rf5 19. Bg4 f3 20. Bxf5
Qxf5 21. Bh4 fxg2 22. Kxg2 Qh3+ 23. Kg1 Bg4 24. f3 Be6 25. Qe2 Qxh4 26.
Qxe5 Bh3 27. Rf2 Qxc4 28. Re1 Qb3 29. Qg3 Qc3 30. Rfe2 Qxc5+ 31. Kh1 Qh5
32. Re7 Qh6 33. Rg1 g6 34. Qg5 Qxg5 35. Rxg5 Rd8 36. Rg3 Bf5 37. Rxa7 Rxd6
38. Ra6 Kf7 39. Kg2 Ke6 40. f4 Be4+ 41. Kf2 Kf5 42. Ke3 Rd3+ 43. Kf2 Rd2+
44. Ke3 Rd3+ 45. Ke2 Kxf4 46. Rxd3 Bxd3+ 47. Kxd3 Kg4 48. Rxc6 Kh3 49. a4
Kxh2 50. a5 g5 51. a6 g4 52. Rc2+ Kh3 53. a7 g3 54. a8=Q h5 55. Qg2+ Kg4
56. Rc4+ Kg5 57. Qd5+ Kh6 58. Rc6+ Kg7 59. Qd7+ Kg8 60. Rc8# { Black
checkmated } 1-0